AoeStats
← Launger

Nomad

507832365Analyzed
4v4 RM · 14d ago on Sep 19, 2026· 52m 20s· 8 players
Game mode
Random Map
Map size
231×231
Population
200
Speed
Normal
Resources
Standard
Victory
Conquest
Starting age
Dark Age
Ending age
Imperial Age
RankedLock teamsTeams togetherTeam positionsShared explorationLock speedFull tech treeHidden civsTurbo modeCheats
Victory
Defeat
🇺🇦 Malay · Ukraine
1169
+15
🇸🇪 Sicilians · Sweden
1110
+17
🇵🇱 Persians · Poland
1086
+18
🇹🇷 Mongols · Türkiye
1039
+20
🇦🇷 Spanish · Argentina
1226
-22
🇦🇷 Wu · Argentina
1124
-17
🇦🇷 Georgians · Argentina
1103
-16
🇦🇷 Persians · Argentina
1077
-15
FappingFuriously
3:00 Loom
14:30 Feudal Age
17:31 Arson
19:20 Scale Mail Armor
19:31 Forging
19:26 Horse Collar
28:14 Castle Age
29:20 Squires
29:24 Heavy Plow
30:06 Chain Mail Armor
32:26 Iron Casting
35:09 Wheelbarrow
36:47 Double-Bit Axe
41:27 Imperial Age
40:09 First Crusade
40:32 Pikeman
42:28 Conscription
42:11 Capped Ram
43:25 Crop Rotation
43:54 Elite Serjeant
44:15 Halberdier
47:37 Plate Mail Armor
49:48 Blast Furnace
50:31 Bow Saw
52:45 Hand Cart
Launger
8:48 Loom
13:35 Feudal Age
14:41 Gold Mining
14:39 Double-Bit Axe
22:52 Castle Age
22:03 Fletching
24:37 Medium Warships
31:05 Fishing Lines
32:39 Crossbowman
33:26 Thumb Ring
37:11 Imperial Age
35:46 Wheelbarrow
35:22 Bow Saw
36:11 Bodkin Arrow
36:16 Padded Archer Armor
37:48 Gold Shaft Mining
39:38 Chemistry
38:58 Ballistics
38:49 Stone Mining
40:02 Forging
39:57 Scale Barding Armor
40:46 Bloodlines
40:00 Cavalier
40:43 Husbandry
40:20 Cavalier
42:48 Stone Shaft Mining
42:58 Hand Cart
43:26 Iron Casting
43:11 Chain Barding Armor
44:07 Horse Collar
44:15 Town Watch
45:53 Blast Furnace
46:39 Plate Barding Armor
46:38 Gillnets
47:04 Savar
only_mousee
10:27 Loom
14:40 Feudal Age
17:46 Castle Age
17:10 Scale Barding Armor
18:29 Forging
21:32 Husbandry
22:27 Double-Bit Axe
22:24 Horse Collar
23:33 Bow Saw
24:52 Wheelbarrow
24:02 Town Watch
24:42 Heavy Plow
28:26 Hand Cart
30:50 Fletching
32:05 Bodkin Arrow
33:55 Elite Skirmisher
39:35 Ballistics
46:05 Imperial Age
44:13 Pikeman
44:54 Squires
44:40 Arson
46:24 Gold Mining
46:25 Stone Mining
49:03 Iron Casting
51:51 Chemistry
Mystic Boy
7:58 Loom
13:48 Feudal Age
14:19 Double-Bit Axe
21:19 Castle Age
19:41 Stone Mining
20:42 Horse Collar
24:08 Bow Saw
24:49 Heavy Plow
30:20 Gold Mining
31:08 Husbandry
31:02 Fletching
32:37 Wheelbarrow
32:46 Nomads
32:45 Bodkin Arrow
33:55 Gold Shaft Mining
34:10 Bloodlines
34:54 Padded Archer Armor
35:37 Hand Cart
35:09 Town Watch
37:21 Ballistics
40:42 Imperial Age
41:04 Elite Mangudai
42:31 Bracer
44:57 Light Cavalry
45:54 Leather Archer Armor
45:50 Forging
45:46 Scale Barding Armor
46:44 Chemistry
49:15 Hussar
51:09 Masonry
51:05 Siege Engineers
51:23 Chain Barding Armor
51:39 Iron Casting
MorsaSdE
8:37 Loom
14:06 Feudal Age
20:53 Castle Age
18:44 Double-Bit Axe
28:07 Wheelbarrow
35:43 Padded Archer Armor
39:46 Imperial Age
38:00 Gold Mining
38:21 Bow Saw
38:38 Stone Mining
40:14 Scale Barding Armor
40:34 Inquisition
41:25 Stone Shaft Mining
41:26 Town Watch
42:31 Forging
42:42 Chain Barding Armor
43:46 Hand Cart
44:08 Pikeman
45:03 Town Patrol
46:44 Scale Mail Armor
47:16 Conscription
50:35 Chain Mail Armor
50:55 Iron Casting
50:35 Chain Mail Armor
50:56 Iron Casting
49:48 Halberdier
51:20 Fletching
51:46 Leather Archer Armor
51:37 Elite Skirmisher
52:58 Coinage
52:41 Thumb Ring
53:13 Ballistics
franb89
4:22 Loom
14:56 Feudal Age
21:44 Castle Age
19:48 Stone Mining
19:46 Double-Bit Axe
20:11 Gold Mining
20:06 Horse Collar
20:44 Forging
20:40 Scale Barding Armor
21:02 Scale Barding Armor
21:26 Fishing Lines
22:33 Bloodlines
23:20 Bow Saw
26:26 Wheelbarrow
28:53 Heavy Plow
33:37 Hand Cart
39:28 Imperial Age
39:47 Elite Monaspa
41:05 Iron Casting
40:50 Chain Barding Armor
41:49 Crop Rotation
46:51 Aznauri Cavalry
47:55 Blast Furnace
47:52 Plate Barding Armor
47:19 Husbandry
51:56 Light Cavalry
Rey William
10:01 Loom
15:24 Feudal Age
20:41 Double-Bit Axe
23:11 Castle Age
22:03 Gold Mining
26:50 Town Watch
31:03 Forging
42:49 Bow Saw
48:39 Horse Collar
52:21 Kamandaran
Pepim14
4:18 Loom
14:23 Feudal Age
14:29 Man-at-Arms
16:30 Town Watch
22:03 Castle Age
23:03 Double-Bit Axe
25:44 Castle Age
28:35 Castle Age
29:54 Wheelbarrow
31:20 Bow Saw
38:02 Wheelbarrow
39:49 Horse Collar
40:15 Gold Mining
41:59 Hand Cart
42:40 Heavy Plow
43:51 Long Swordsman
46:10 Squires
45:56 Arson
50:42 Gold Shaft Mining
51:37 Pikeman
52:36 Scale Mail Armor
Connection lost

Rejoining the realm…

Still unreachable

The connection could not be restored.

Session expired

The server has moved on; the page needs a fresh start.